 Dungeon Crawl Stone Soup version 0.30.1-4-g462c640d31 (webtiles) character file.

Game seed: 7711280122553905872

315 growler the Gusty (level 6, 0/32 HPs)
             Began as a Tengu Air Elementalist on Aug 28, 2023.
             Slain by an orc warrior
             ... wielding a +0 great sword
              (20 damage)
             ... on level 4 of the Dungeon.
             The game lasted 00:09:23 (4044 turns).

growler the Gusty (Tengu Air Elementalist)          Turns: 4044, Time: 00:09:25

Health: 0/32       AC:  4    Str:  9    XL:     6   Next: 44%
Magic:  2/12       EV: 14    Int: 17    God:
Gold:   112        SH:  0    Dex: 14    Spells: 2/12 levels left

rFire   . . .        n - +1 dagger (speed)
rCold   . . .        (no shield)
rNeg    . . .        a - +0 robe
rPois   .            (helmet restricted)
rElec   .            l - +0 cloak
rCorr   .            h - +0 pair of gloves
SInv    +            (boots unavailable)
Will    .....        (no amulet)
Stlth   ++           q - ring of see invisible
HPRegen 0.25/turn    (no ring)
MPRegen 0.13/turn

%: no passive effects
@: flying quickly and evasively, very slightly contaminated, quick
A: beak, talons 3, nimble flight
a: no special abilities


You were on level 4 of the Dungeon.
You visited 1 branch of the dungeon, and saw 4 of its levels.

You collected 112 gold pieces.

Inventory:

Hand Weapons
 n - a +1 dagger of speed (weapon)
Armour
 a - a +0 robe (worn)
 h - a +0 pair of gloves (worn)
 l - a +0 cloak (worn)
Jewellery
 q - a ring of see invisible (left hand)
Scrolls
 e - a scroll of fear {unknown}
 f - 4 scrolls of identify
 g - a scroll of poison {unknown}
 i - a scroll of fog {unknown}
 j - a scroll of enchant armour {unknown}
 k - a scroll of teleportation {unknown}
 o - a scroll of magic mapping {unknown}
Potions
 b - a potion of magic
 c - 2 potions of degeneration
 d - 4 potions of curing
 m - a potion of haste {unknown}
 p - a potion of mutation {unknown}


   Skills:
 - Level 2.1 Dodging
 - Level 2.0 Stealth
 + Level 3.8 Spellcasting
 + Level 4.8 Conjurations
 + Level 6.2 Air Magic


You had 2 spell levels left.
You knew the following spells:

 Your Spells              Type           Power      Damage    Failure   Level
a - Shock                 Conj/Air       88%        1d8       1%          1
b - Static Discharge      Conj/Air       44%        2-4/arc   2%          2
c - Swiftness             Air            24%        N/A       3%          3
d - Airstrike             Air            12%        2d(2-18)  12%         4

Your spell library contained the following spells:

 Spells                   Type           Power      Damage    Failure   Level
 Momentum Strike          Conj/Tloc      22%        3d8       9%          2
 Blink                    Tloc           6%         N/A       24%         2
 Lesser Beckoning         Tloc           6%         N/A       24%         2
 Irradiate                Conj/Tmut      5%         3d13      86%         5
 Chain Lightning          Conj/Air       11%        3d14      100%        9


Dungeon Overview and Level Annotations

Branches:
Dungeon (4/15)
 Temple: D:4-7

Altars:
Elyvilon
The Shining One


Innate Abilities, Weirdness & Mutations

You have a beak for a mouth.
You have claws for feet.
Your magical nature lets you fly swiftly and evasively.


Message History

The orc priest miscasts a cantrip.
An orc warrior comes into view. It is wielding a +0 great sword.
The zap misses the orc priest.
The orc warrior shouts!
The orc priest begins to cast a cantrip, but forgets the words!
The zap hits the orc priest.
The orc priest is severely wounded.
The zap hits the orc warrior but does no damage.
The zap hits the orc warrior but does no damage.
The zap hits the orc warrior but does no damage.
The zap hits the orc warrior.
The orc warrior is lightly wounded.
The zap hits the orc priest.
You kill the orc priest!
Things that are here:
a +0 sling; a +0 flail
q - a ring of see invisible (left hand)
An orc warrior is nearby!
The zap hits the orc warrior!
The orc warrior is moderately wounded.
You miscast Shock.
You are very lightly contaminated with residual magic.
Nothing appears to happen.
The orc warrior hits you with a +0 great sword.
Unknown command.
The zap hits the orc warrior but does no damage.
The orc warrior is moderately wounded.
The zap hits the orc warrior.
The orc warrior is moderately wounded.
The orc warrior hits you with a +0 great sword!
Unknown command.
The zap misses the orc warrior. x2; The orc warrior barely misses you.
Unknown command.
The zap hits the orc warrior but does no damage.
The orc warrior is moderately wounded.
The zap hits the orc warrior.
The orc warrior is heavily wounded.
The orc warrior hits you with a +0 great sword!!
Ouch! That really hurt!
You die...

...........#
#.#####
########.#.# #.#
#.#.# #.# #.#)#
#o# #.#.# #.#
#)#.# ##.#######
#.#.# #.........
#.#<#####..#######
#......@o..#
############


You could see an orc warrior.

Vanquished Creatures
  An ogre (D:3)
  2 orc priests (D:4)
  A hound (D:4)
  An orc wizard (D:4)
  3 adders
  A worm (D:2)
  A dart slug (D:1)
  4 orcs
  8 ball pythons
  5 endoplasms
  6 giant cockroaches
  7 goblins
  10 hobgoblins
  3 jackals (D:2)
  11 kobolds
  8 bats
  6 frilled lizards
  11 rats
89 creatures vanquished.

Notes
Turn   | Place    | Note
-------+----------+-------------------------------------------
     0 | D:1      | growler the Tengu Air Elementalist began the quest for the
                  | Orb.
     0 | D:1      | Reached XP level 1. HP: 10/10 MP: 4/4
   168 | D:1      | Reached XP level 2. HP: 15/15 MP: 0/6
   171 | D:1      | Learned a level 2 spell: Static Discharge
   679 | D:1      | Reached XP level 3. HP: 19/19 MP: 5/7
   683 | D:1      | Learned a level 3 spell: Swiftness
   952 | D:1      | Got the Tome of Triumph
  1908 | D:2      | Reached XP level 4. HP: 24/24 MP: 7/9
  2220 | D:2      | Reached skill level 5 in Air Magic
  2501 | D:3      | Found a white marble altar of Elyvilon.
  2635 | D:3      | Found a glowing golden altar of the Shining One.
  2850 | D:3      | Noticed an ogre
  2855 | D:3      | Killed an ogre
  2856 | D:3      | Gained mutation: Your magical nature lets you fly swiftly
                  | and evasively. [Tengu growth]
  2856 | D:3      | Reached XP level 5. HP: 28/28 MP: 3/11
  2923 | D:3      | Learned a level 4 spell: Airstrike
  3575 | D:4      | Reached XP level 6. HP: 29/32 MP: 4/12
  3802 | D:4      | Reached skill level 6 in Air Magic
  3999 | D:4      | Noticed an orc warrior
  4044 | D:4      | Slain by an orc warrior

Illustrated notes

Levels and vault maps discovered:
D:1:      minmay_arrival_cross, layout_loops_ring, minmay_misc_feat_square,
          roderic_three_in_a_row
D:2:      wad_crossroads, layout_rooms, minmay_surrounded
D:3:      kennysheep_big_flooded_room, layout_loops_ring, tso_metal_star,
          elyvilon_altar_1, kennysheep_generic_room_3
D:4:      layout_loops_ring, mainiacjoe_overflow_paths, old_standard_altar,
          minmay_temple_entry_stoned_glass

Skill      XL: |  1  2  3  4  5  6 |
---------------+-------------------+-----
Conjurations   | 2 3 4 |  4.8
Air Magic      | 5 6 |  6.2
Spellcasting   | 3 |  3.8
Dodging        | |  2.1
Stealth        | |  2.0

Action                     |  1- 3 |  4- 6 || total
---------------------------+-------+-------++-------
  Melee: Unarmed           |    20 |     1 ||    21
         Kick              |     5 |     1 ||     6
         Peck              |     3 |       ||     3
   Cast: Shock             |    88 |   100 ||   188
         Static Discharge  |       |     5 ||     5
    Use: Scroll            |       |     2 ||     2
   Stab: Sleeping          |       |     1 ||     1
 Armour: Robe              |     7 |     3 ||    10
  Dodge: Dodged            |    14 |    10 ||    24
